 Dungeon Crawl Stone Soup version 0.25-a0-731-g0472a16d6a (webtiles) character file.

Game seed: 4040144416184811649, levelgen mode: deterministic

534 MisterFreud the Ducker (level 7, 0/33 HPs)
             Began as a Felid Skald on Apr 8, 2020.
             Was a Believer of Uskayaw.
             Slain by Edmund
             ... wielding a +2 dire flail of draining
              (9 damage)
             ... on level 5 of the Dungeon.
             The game lasted 00:27:37 (7441 turns).

MisterFreud the Ducker (Felid Skald)                Turns: 7441, Time: 00:27:37

Health: 0/33       AC:  2    Str:  8    XL:     7   Next: 4%
Magic:  1/11       EV: 24    Int: 15    God:    Uskayaw [**....]
Gold:   329        SH:  0    Dex: 19    Spells: 4/10 levels left
                                        Lives:  0   Deaths: 2

rFire    . . .     SeeInvis +     - Unarmed
rCold    . . .     Gourm    .   (shield unavailable)
rNeg     . . .     Faith    .   (armour unavailable)
rPois    .         Spirit   .   (helmet unavailable)
rElec    .         Reflect  .   (cloak unavailable)
rCorr    .         Harm     .   (gloves unavailable)
MR       +....                  (boots unavailable)
Stlth    ++++......             (no amulet)
HPRegen  0.11/turn              g - ring of wizardry
MPRegen  0.12/turn              t - +3 ring of dexterity

@: very slightly contaminated, quick
A: very small, no armour, no weapons or thrown items, stealth, claws 1, fangs 3,
see invisible, carnivore, speed 1, shaggy fur 2, slow metabolism 1, sharp paws
a: Stomp, Line Pass, Renounce Religion


You were on level 5 of the Dungeon.
You worshipped Uskayaw.
Uskayaw was noncommittal.
You were not hungry.

You visited 1 branch of the dungeon, and saw 6 of its levels.
You also visited: Sewer.

You collected 329 gold pieces.

Inventory:

Jewellery
 g - a ring of wizardry (left paw)
 i - an uncursed ring of fire
 m - a +2 ring of dexterity
 t - a +3 ring of dexterity (right paw)
Wands
 s - a wand of disintegration (9)
Scrolls
 a - 4 scrolls of teleportation
 d - a scroll of enchant weapon
 e - a scroll of remove curse
 f - a scroll of enchant armour {unknown}
 o - a scroll of fear {unknown}
 q - a scroll of magic mapping
 v - a scroll of amnesia
 y - a scroll of blinking
Potions
 c - a potion of lignification
 h - a potion of berserk rage
 j - a potion of resistance
 k - 2 potions of mutation
 l - 2 potions of brilliance
 n - a potion of stabbing
 p - a potion of ambrosia
 r - 2 potions of degeneration {unknown}
 u - a potion of haste
 w - 2 potions of curing {unknown}
 x - a potion of cancellation {unknown}
Comestibles
 b - 11 rations


   Skills:
 + Level 4.9 Fighting
 + Level 7.3 Dodging
 + Level 5.7 Stealth
 + Level 5.0 Unarmed Combat
 - Level 2.0 Spellcasting
 - Level 3.6 Charms


You had 4 spell levels left.
You knew the following spells:

 Your Spells              Type           Power        Failure   Level  Hunger
a - Infusion              Chrm           ##..         1%          1    #......
b - Shroud of Golubria    Chrm/Tloc      #.....       6%          2    ###....
c - Ozocubu's Armour      Chrm/Ice       #.......     13%         3    ###....

Your spell library contained the following spells:

 Spells                   Type           Power        Failure   Level  Hunger
 Song of Slaying          Chrm           ##......     3%          2    ###....
 Spectral Weapon          Hex/Chrm       Unusable     N/A         3    N/A

Dungeon Overview and Level Annotations

Branches:
Dungeon (6/15)              Sewer (visited)
 Temple: D:4-7

Altars:
Ashenzari
Elyvilon
Gozag
Nemelex Xobeh
Okawaru
Ru
Trog
Uskayaw
Wu Jian
The Shining One

Annotations:
D:5 Edmund
D:6 Sigmund


Innate Abilities, Weirdness & Mutations

You cannot wear armour.
You are incapable of wielding weapons or throwing items.
Your paws allow you to move quietly. (Stealth)
You have sharp claws.
You have razor-sharp teeth.
You have supernaturally acute eyesight. (SInv)
You are carnivorous and can eat meat at any time.
You cover ground quickly.
You are covered in thick fur. (AC +2)
You have a slow metabolism.
Your sharp claws are effective at attacking unaware monsters.


Message History

Edmund is heavily wounded.
Edmund completely misses you.
You barely miss Edmund.
Edmund is heavily wounded.
Edmund completely misses you.
You scratch Edmund.
Edmund is heavily wounded.
You scratch Edmund but do no damage.
Edmund is heavily wounded.
Edmund misses you.
You scratch Edmund.
Edmund is severely wounded.
Edmund misses you.
You closely miss Edmund.
Edmund is severely wounded.
Edmund completely misses you.
You scratch Edmund. You bite Edmund.
Edmund is severely wounded.
Edmund hits you with a +2 dire flail of draining!
You die...

#.##.# #.##.# #.##.#
#.##.# ###.##.#
##### ..#.##.# #...#
....##.# #.#.####
#.####.# #.#....#
..## #.# #....#@#
...###.#######.#@###
...'............>..#
...#...#.......#.#.#
#'##.###.#######...#
#.##.# #.# #####
#.##.# #.# #.##.#
#.### ..##.# #...#


You could see Edmund.

Vanquished Creatures
  An ice beast (D:5)
  A necrophage (D:5)
  A phantom (D:5)
  A bullfrog (D:3)
  A scorpion (D:6)
  2 wights (D:6)
  A howler monkey (D:4)
  A bullfrog skeleton (D:5)
  Natasha (twice) (D:3)
  4 orc wizards
  A merfolk siren (Sewer)
  A worker ant (D:5)
  8 adders
  4 river rats
  A shadow imp (D:5)
  2 adder skeletons (D:5)
  5 worms
  3 dart slugs
  4 leopard geckos
  5 orcs
  3 ball pythons
  12 giant cockroaches
  3 goblins (D:1)
  5 hobgoblins
  10 jackals
  5 quokkas
  5 bats
  5 frilled lizards (Sewer)
  7 kobolds
  34 rats
138 creatures vanquished.

Vanquished Creatures (others)
  An orc wizard (D:5)
1 creature vanquished.

Grand Total: 139 creatures vanquished

Notes
Turn   | Place    | Note
-------+----------+-------------------------------------------
     0 | D:1      | MisterFreud the Felid Skald began the quest for the Orb.
     0 | D:1      | Reached XP level 1. HP: 9/9 MP: 4/4
   279 | D:1      | Reached XP level 2. HP: 6/13 MP: 1/6
   283 | D:1      | Learned a level 2 spell: Shroud of Golubria
   736 | D:2      | Reached XP level 3. HP: 6/17 MP: 0/7
  1433 | D:1      | Learned a level 3 spell: Ozocubu's Armour
  2421 | D:2      | Found a sacrificial altar of Ru.
  2448 | D:2      | Reached skill level 1 in Stealth
  2448 | D:2      | Reached XP level 4. HP: 20/22 MP: 1/8
  3082 | D:2      | Reached skill level 4 in Dodging
  3586 | D:3      | Found a glowing drain.
  3607 | D:3      | Reached XP level 5. HP: 22/25 MP: 1/9
  3847 | Sewer    | Entered a sewer
  4474 | Sewer    | HP: 1/25 [ball python (1)]
  4474 | Sewer    | Slain by a ball python
  4475 | Sewer    | Reached XP level 4. HP: -1/22 MP: 3/8
  4551 | D:3      | Noticed a bullfrog
  4560 | D:3      | Killed a bullfrog
  4560 | D:3      | Reached skill level 5 in Dodging
  4560 | D:3      | Reached XP level 5. HP: 25/25 MP: 4/9
  4805 | D:3      | Noticed Natasha
  4816 | D:3      | Killed Natasha
  5414 | D:3      | Noticed Natasha
  5429 | D:3      | Killed Natasha
  5429 | D:3      | Gained mutation: You are covered in thick fur. (AC +2)
                  | [Felid growth]
  5429 | D:3      | Reached XP level 6. HP: 28/28 MP: 5/10
  5524 | D:4      | Found a hide-covered altar of Uskayaw.
  5524 | D:4      | Noticed a +0 hand axe
  5533 | D:4      | Noticed a +0 hand axe
  5537 | D:4      | Became a worshipper of Uskayaw the Reveler
  5542 | D:4      | Found a glowing golden altar of the Shining One.
  5543 | D:4      | Found a sacrificial altar of Ru.
  5548 | D:4      | Found an opulent altar of Gozag.
  5550 | D:4      | Found a shattered altar of Ashenzari.
  5550 | D:4      | Found a sparkling altar of Nemelex Xobeh.
  5551 | D:4      | Found an ornate altar of the Wu Jian Council.
  5551 | D:4      | Found a bloodstained altar of Trog.
  5552 | D:4      | Found an iron altar of Okawaru.
  5595 | D:4      | You fall into a shaft and drop 2 floors!
  5601 | D:5      | Entered Level 5 of the Dungeon
  5712 | D:5      | Reached * piety under Uskayaw
  5901 | D:4      | Reached skill level 6 in Dodging
  5958 | D:5      | Reached ** piety under Uskayaw
  6002 | D:5      | Noticed an ice beast
  6021 | D:5      | Reached *** piety under Uskayaw
  6022 | D:5      | Killed an ice beast
  6022 | D:5      | Reached XP level 7. HP: 16/33 MP: 1/11
  6216 | D:5      | Reached **** piety under Uskayaw
  6402 | D:5      | Reached skill level 5 in Stealth
  6714 | D:5      | Reached skill level 7 in Dodging
  6727 | D:5      | Found a white marble altar of Elyvilon.
  7074 | D:6      | Noticed Edmund
  7079 | D:6      | Killed from afar by an orc priest
  7080 | D:6      | Reached XP level 6. HP: -4/29 MP: 6/10
  7169 | D:6      | Reached skill level 5 in Unarmed Combat
  7169 | D:6      | Reached XP level 7. HP: 11/33 MP: 6/11
  7211 | D:6      | Noticed Sigmund
  7441 | D:5      | Slain by Edmund

Levels and vault maps discovered:
D:1:      lordsloth_arrival_two_stooges, layout_basic, minmay_pentomino_z2
D:2:      layout_basic, nicolae_ru_great_annihilating_truth
D:3:      layout_rooms, first_ration, portal_sewer_entry_e,
          roderic_serpentine_path, uniq_natasha
D:4:      layout_rooms, grunt_temple_overflow_open, dancing_weapons_uskayaw,
          minmay_crystal_water, patterned_corridor
D:5:      layout_basic, marbit_many_paths
D:6:      cheibrodos_two_vegetables, layout_rooms, uniq_sigmund, uniq_edmund

Skill      XL: |  1  2  3  4  5  6  7 |
---------------+----------------------+-----
Fighting       | 3 4 |  4.9
Stealth        | 1 2 4 5 |  5.7
Dodging        | 5 6 7 |  7.3
Unarmed Combat | 3 5 |  5.0
Spellcasting   | |  2.0
Charms         | |  3.6

Action                   |  1- 3 |  4- 6 |  7- 9 || total
-------------------------+-------+-------+-------++-------
Melee: Unarmed           |   122 |   375 |    72 ||   569
       Bite              |     9 |    31 |     9 ||    49
       Punch             |       |     3 |     1 ||     4
 Cast: Infusion          |    15 |    13 |     1 ||    29
       Shroud of Golubri |     9 |    28 |     6 ||    43
       Ozocubu's Armour  |     1 |     9 |     4 ||    14
  Use: Scroll            |     4 |    13 |       ||    17
       Potion            |       |     1 |       ||     1
 Stab: Sleeping          |     2 |    18 |     6 ||    26
       Paralysed         |       |     4 |     1 ||     5
  Eat: Chunk             |    10 |    16 |     4 ||    30
Armor: Skin              |    12 |    17 |     4 ||    33
Dodge: Dodged            |   105 |   278 |    50 ||   433

Table legend:
 A = Non-vault XP
 B = Vault XP
 C = Vault XP percentage of total XP
 D = Non-vault monster count
 E = Vault monster count
 F = Vault count percentage of total count
                 A         B        C        D         E       F
            +---------+---------+-------+---------+---------+-------
      Total |    1099 |     350 |  24.2 |      86 |      53 |  38.1
            +---------+---------+-------+---------+---------+-------
        D:1 |      34 |       4 |  10.5 |      16 |       2 |  11.1
        D:2 |      94 |      40 |  29.9 |      16 |       4 |  20.0
        D:3 |     213 |      82 |  27.8 |      29 |       9 |  23.7
        D:4 |      55 |       0 |   0.0 |       1 |       0 |   0.0
        D:5 |     467 |     124 |  21.0 |      17 |       1 |   5.6
        D:6 |     236 |       0 |   0.0 |       7 |       0 |   0.0
      Sewer |       0 |     100 | 100.0 |       0 |      37 | 100.0
            +---------+---------+-------+---------+---------+-------
